 Dungeon Crawl Stone Soup version 0.23.2-30-g0e89c35649 (webtiles) character file.

Game seed: 1293402914877588815

257 Kobolds4U the Conjurer (level 5, -6/28 HPs)
             Began as a Deep Elf Conjurer on June 16, 2019.
             Was an Initiate of Ashenzari.
             Killed from afar by an orc wizard (12 damage)
             ... with a puff of flame
             ... on level 3 of the Dungeon.
             The game lasted 00:08:54 (3543 turns).

Kobolds4U the Conjurer (Deep Elf Conjurer)          Turns: 3543, Time: 00:08:55

Health: -6/28      AC:  3    Str:  5    XL:     5   Next: 93%
Magic:  13/13      EV: 13    Int: 21    God:    Ashenzari [......]
Gold:   97         SH:  0    Dex: 15    Spells: 6/12 levels left

rFire    . . .     SeeInvis .   a - +0 dagger (speed)
rCold    . . .     Gourm    .   d - +0 buckler
rNeg     . . .     Faith    .   e - +0 robe
rPois    .         Spirit   .   (no helmet)
rElec    .         Reflect  .   j - +0 cloak (curse)
rCorr    .         Harm     .   (no gloves)
MR       .....                  (no boots)
Stlth    +.........             (no amulet)
HPRegen  0.09/turn              (no ring)
MPRegen  0.13/turn              (no ring)

@: confused
A: no striking features
a: Curse Item, Renounce Religion


You were on level 3 of the Dungeon.
You worshipped Ashenzari.
Ashenzari was noncommittal.
You were not hungry.

You visited 1 branch of the dungeon, and saw 3 of its levels.

You collected 97 gold pieces.

Inventory:

Hand Weapons
 a - a +0 dagger of speed (weapon)
Armour
 d - a +0 buckler (worn)
 e - a +0 robe (worn)
 j - a cursed +0 cloak (worn)
 o - a +0 plate armour
Scrolls
 b - 2 scrolls of amnesia {unknown}
 g - a scroll of fog {unknown}
 h - 2 scrolls of enchant weapon {unknown}
 i - 3 scrolls of identify {unknown}
 n - a scroll of noise {unknown}
 p - 2 scrolls of teleportation {unknown}
Potions
 f - a potion of agility {unknown}
 k - a potion of resistance {unknown}
 l - a potion of brilliance {unknown}
 r - a potion of cancellation {unknown}
 s - a potion of mutation {unknown}
Comestibles
 c - 3 rations
 q - 4 chunks of flesh


   Skills:
 - Level 2.4 Dodging
 - Level 4.1 Stealth
 * Level 3.4 Shields
 - Level 4.0 Spellcasting
 - Level 4.3 Conjurations
 + Level 2.7 Hexes


You had 6 spell levels left.
You knew the following spells:

 Your Spells              Type           Power        Failure   Level  Hunger
a - Magic Dart            Conj           ###.         2%          1    None
b - Searing Ray           Conj           ###...       3%          2    #......
c - Dazzling Spray        Conj/Hex       ###...       9%          3    ###....

Your spell library contained the following spells:

 Spells                   Type           Power        Failure   Level  Hunger
 Iskenderun's Mystic Bla  Conj           ###.....     22%         4    ####...
 Fulminant Prism          Conj/Hex       ###.......   28%         4    ####...
 Force Lance              Conj/Tloc      ##......     45%         4    ####...


Dungeon Overview and Level Annotations

Branches:
Dungeon (3/15)

Altars:
Ashenzari
Qazlal


Message History

The orc wizard is lightly wounded.
Unknown command.
Unknown command.
You're too confused to move!
The orc wizard hits you with a +0 dagger.
* * * LOW HITPOINT WARNING * * *
It was a potion of magic.
Magic courses through your body.
The orc wizard hits you with a +0 dagger.
* * * LOW HITPOINT WARNING * * *
You're too confused to cast spells.
The orc wizard casts a spell.
The orc wizard flickers and vanishes!
Deactivating autopickup; reactivate with Ctrl-A.
Things that are here:
a +0 chain mail; a +0 hand axe; an orc skeleton You bump into the rock wall.
You hear some strange, mumbled words.
A puff of flame appears from out of thin air!
The puff of flame hits you!
You die...

#o.(.## #...o.#
...#..o#o########
#.'.............
###...#..#######
#####..#..)..#
###.o.###)#
#...>.###)#
#.###.#@[.# #.#
#.##### #.# #..
#.# #### #.# #.#
#.# ..# ###


There were no monsters in sight!

Vanquished Creatures
  2 jellies (D:2)
  Crazy Yiuf (D:2)
  Jessica (D:2)
  A hound skeleton (D:2)
  An adder (D:2)
  9 oozes (D:2)
  A dart slug (D:1)
  A leopard gecko (D:3)
  8 orcs
  7 bats
  3 giant cockroaches (D:1)
  6 goblins
  10 hobgoblins
  4 jackals (D:2)
  A frilled lizard (D:2)
  15 kobolds
  A rat (D:3)
72 creatures vanquished.

Vanquished Creatures (others)
  11 toadstools (D:2)
11 creatures vanquished.

Grand Total: 83 creatures vanquished

Notes
Turn   | Place    | Note
-------+----------+-------------------------------------------
     0 | D:1      | Kobolds4U the Deep Elf Conjurer began the quest for the
                  | Orb.
     0 | D:1      | Reached XP level 1. HP: 10/10 MP: 6/6
   203 | D:1      | Reached XP level 2. HP: 15/15 MP: 1/8
   295 | D:1      | Reached skill level 1 in Shields
  1500 | D:2      | Found a runed translucent door.
  1501 | D:2      | Noticed Crazy Yiuf
  1550 | D:2      | Learned a level 2 spell: Searing Ray
  1553 | D:2      | Reached XP level 3. HP: 19/19 MP: 6/9
  1554 | D:2      | Noticed Jessica
  1766 | D:2      | Found a stormy altar of Qazlal.
  1786 | D:2      | Found a shattered altar of Ashenzari.
  1790 | D:2      | Became a worshipper of Ashenzari the Shackled
  1823 | D:2      | Killed Jessica
  1823 | D:2      | Reached XP level 4. HP: 24/24 MP: 3/10
  1828 | D:2      | Learned a level 3 spell: Dazzling Spray
  2268 | D:2      | Reached skill level 1 in Hexes
  2284 | D:2      | Reached XP level 5. HP: 24/28 MP: 1/12
  2700 | D:2      | Noticed a fire elemental
  2701 | D:2      | Noticed a water elemental
  2701 | D:2      | Noticed an air elemental
  2936 | D:2      | Killed Crazy Yiuf
  3543 | D:3      | Killed from afar by an orc wizard

Skill      XL: |  1  2  3  4  5 |
---------------+----------------+-----
Stealth        | 3 4 |  4.1
Shields        | 1 2 3 |  3.4
Hexes          | 1 2 |  2.7
Spellcasting   | 4 |  4.0
Dodging        | |  2.4
Conjurations   | |  4.3

Action                   |  1- 3 |  4- 6 || total
-------------------------+-------+-------++-------
Melee: Unarmed           |    15 |       ||    15
       Dagger            |    34 |    15 ||    49
 Cast: Magic Dart        |    56 |    28 ||    84
       Searing Ray       |       |    16 ||    16
       Dazzling Spray    |       |     1 ||     1
Invok: Curse Item        |       |     1 ||     1
  Use: Potion            |       |     1 ||     1
 Stab: Sleeping          |     1 |     3 ||     4
       Distracted        |       |     1 ||     1
  Eat: Chunk             |     2 |     6 ||     8
Armor: Robe              |    10 |    10 ||    20
Dodge: Dodged            |    39 |    34 ||    73
Block: Buckler           |     7 |    11 ||    18
